 Dungeon Sprint DCSS version 0.30-a0-799-g109b55a442 (webtiles) character file.

Game seed: 1680126945726727778

95 BigDaddyOpFi the Trooper (level 4, -14/45 HPs)
             Began as a Hill Orc Fighter on Feb 20, 2023.
             Killed from afar by an oklob sapling priest (25 damage)
             ... with a splash of acid
             ... in the Dungeon (Sprint IV: "Fedhas' Mad Dash").
             The game lasted 00:00:53 (1055 turns).

BigDaddyOpFi the Trooper (Hill Orc Fighter)         Turns: 1055, Time: 00:00:53

Health: -14/45     AC:  0    Str: 20    XL:     4   Next: 66%
Magic:  4/4        EV:  9    Int:  8    God:
Gold:   37         SH:  5    Dex: 10    Spells: 3/3 levels left

rFire   . . .      SeeInvis .    a - +0 war axe
rCold   . . .      Faith    .    c - +0 buckler
rNeg    . . .      Spirit   .    b - +0 scale mail
rPois   .          Reflect  .    (no helmet)
rElec   .          Harm     .    (no cloak)
rCorr   .          Rampage  .    (no gloves)
Will    .....      NoTele   +    (no boots) Stlth
                                 k - amulet of invisibility {+Inv}
HPRegen 0.27/turn                (no ring)
MPRegen 0.09/turn                (no ring)

@: corroded, very slightly contaminated
A: no striking features
a: Evoke Invisibility


You were in the Dungeon.
You visited 1 branch You collected 37 gold pieces.

Inventory:

Hand Weapons
 a - a +0 war axe (weapon)
Armour
 b - a +0 scale mail (worn)
 c - a +0 buckler (worn)
Jewellery
 k - the amulet of invisibility (around neck) {+Inv}
   (You found it in the Dungeon)

   [amulet of nothing]

   +Inv:      It lets you turn invisible.
Scrolls
 j - a scroll of blinking
Potions
 d - a potion of might
 g - a potion of haste
 h - 2 potions of magic
 i - a potion of berserk rage


   Skills:
 + Level 6.3 Fighting
 + Level 6.3 Axes
 + Level 5.8 Armour
 + Level 5.8 Shields


You had 3 spell levels left.
You didn't know any spells.
Your spell library was empty.

Dungeon Overview and Level Annotations

Branches:
Dungeon (1/1)

Altars:
Cheibriados
Dithmenos
Elyvilon
Gozag
Hepliaklqana
Kikubaaqudgha
Makhleb
Nemelex Xobeh
Okawaru
Qazlal
Ru
Sif Muna
Trog
Uskayaw
Vehumet
Wu Jian
Xom
Yredelemnul
Zin
The Shining One
Beogh
Jiyva
Lugonu

Annotations:
D exclusion: oklob sapling


Message History

Found two altars.
Found three altars.
Found a radiant altar of Vehumet and a corrupted altar of Lugonu.
There is a burning altar of Makhleb here.
The oklob sapling priest spits acid at you.
The splash of acid hits you!!
Ouch! That really hurt!
The acid corrodes you!
There is a sparkling altar of Nemelex Xobeh here.
You hit the oklob sapling priest but do no damage.
You slash the oklob sapling priest!
The oklob sapling priest is moderately damaged.
The oklob sapling priest spits acid at you.
The splash of acid hits you!
* * * LOW HITPOINT WARNING * * *
The acid corrodes you!
You feel much better.
You flicker for a moment.
You strike the helpless oklob sapling priest from behind!
You hit the oklob sapling priest.
The oklob sapling priest is heavily damaged.
You hit the oklob sapling priest but do no damage.
The oklob sapling priest is heavily damaged.
The oklob sapling priest spits acid at you.
The splash of acid hits you!!
Ouch! That really hurt!
* * * LOW HITPOINT WARNING * * *
There is a bloodstained altar of Trog here.
You hit the oklob sapling priest but do no damage.
The oklob sapling priest is heavily damaged.
The oklob sapling priest casts a cantrip, but nothing happens.
You feel better.
You flicker back into view.
The oklob sapling priest looks encouraged for a moment.
You hit the oklob sapling priest but do no damage.
The oklob sapling priest is heavily damaged.
The oklob sapling priest spits acid at you.
The splash of acid hits you!!
Ouch! That really hurt!
You die...

########################
...#.....#.⌠._._._._.⌠.#
...'.#[(.'.._._._._._..+
...#.#...#..._._P_._...#
#######+##.._._.@._._..#
#._._._._._.⌠.#
###############


You could see an oklob sapling priest.

Vanquished Creatures
  A scorpion (D)
  An oklob sapling (D)
  A river rat (D)
  A rat (D)
4 creatures vanquished.

Notes
Turn   | Place    | Note
-------+----------+-------------------------------------------
     0 | D        | BigDaddyOpFi the Hill Orc Fighter began the quest for the
                  | Orb.
     0 | D        | Reached XP level 1. HP: 19/19 MP: 1/1
    16 | D        | Reached XP level 2. HP: 9/28 MP: 2/2
   493 | D        | Noticed an oklob sapling
   501 | D        | Killed an oklob sapling
   502 | D        | Reached skill level 5 in Fighting
   502 | D        | Reached XP level 3. HP: 36/36 MP: 3/3
   504 | D        | Noticed a scorpion
   504 | D        | Found the amulet of invisibility {+Inv}
   508 | D        | Killed a scorpion
   509 | D        | Reached skill level 5 in Armour
   509 | D        | Reached skill level 5 in Shields
   509 | D        | Reached XP level 4. HP: 40/45 MP: 4/4
   632 | D        | Found an opulent altar of Gozag.
   632 | D        | Found a hazy altar of Hepliaklqana.
   632 | D        | Found a burning altar of Makhleb.
   632 | D        | Found a roughly hewn altar of Beogh.
   632 | D        | Found a sparkling altar of Nemelex Xobeh.
   632 | D        | Found a snail-covered altar of Cheibriados.
   632 | D        | Found a sacrificial altar of Ru.
   632 | D        | Found a shimmering blue altar of Sif Muna.
   632 | D        | Found a shimmering altar of Xom.
   632 | D        | Found a basalt altar of Yredelemnul.
   633 | D        | Found a viscous altar of Jiyva.
   633 | D        | Found a bloodstained altar of Trog.
   633 | D        | Found an ornate altar of the Wu Jian Council.
   633 | D        | Noticed an oklob sapling priest
   635 | D        | Found an iron altar of Okawaru.
   635 | D        | Found a shadowy altar of Dithmenos.
   635 | D        | Found a glowing silver altar of Zin.
  1042 | D        | Found a hide-covered altar of Uskayaw.
  1042 | D        | Found an ancient bone altar of Kikubaaqudgha.
  1043 | D        | Found a stormy altar of Qazlal.
  1043 | D        | Found a glowing golden altar of the Shining One.
  1043 | D        | Found a white marble altar of Elyvilon.
  1044 | D        | Found a radiant altar of Vehumet.
  1044 | D        | Found a corrupted altar of Lugonu.
  1055 | D        | Killed from afar by an oklob sapling priest

Illustrated notes

Levels and vault maps discovered:
D:        dungeon_sprint_fedhas [sprint_temple]

Skill      XL: |  1  2  3 |
---------------+----------+-----
Fighting       | 4 5 6 |  6.3
Axes           | 3 4 6 |  6.3
Armour         | 4 5 |  5.8
Shields        | 4 5 |  5.8

Action                     |  1- 3 |  4- 6 || total
---------------------------+-------+-------++-------
  Melee: War axe           |    19 |     6 ||    25
Ability: Evoke Invisibilit |       |     1 ||     1
    Use: Potion            |     1 |     2 ||     3
   Stab: Invisible         |       |     1 ||     1
 Armour: Scale mail        |     5 |       ||     5
  Dodge: Dodged            |    10 |       ||    10
  Block: Buckler           |     2 |     1 ||     3

Table legend: (Time is in decaauts)
 A = Elapsed time spent in this place.
 B = Non-inter-level travel time spent in this place.
 C = Inter-level travel time spent in this place.
 D = Time resting spent in this place.
 E = Time spent auto-exploring this place.
 F = Levels seen in this place.
 G = Mean time per level.
                   A        B        C        D        E       F      G
               +--------+--------+--------+--------+--------+-----+--------+
         Total |   1063 |   1063 |      0 |    966 |      0 |   1 | 1063.0 |
       Dungeon |   1063 |   1063 |      0 |    966 |      0 |   1 | 1063.0 |
               +--------+--------+--------+--------+--------+-----+--------+

Top non-repeatable levels by time:
       D: 1063 daAuts
